 Dungeon Crawl Stone Soup version 0.28.0-53-g5a82cb258f (webtiles) character file.

Game seed: 17193775025707719301

10161 cbfl8 the Cleaver (level 11, -9/153 HPs)
             Began as a Minotaur Berserker on July 26, 2022.
             Was an Elder of Trog.
             Mangled by a 14-headed hydra (12 damage)
             ... on level 11 of the Dungeon.
             The game lasted 00:12:55 (11066 turns).

cbfl8 the Cleaver (Minotaur Berserker)             Turns: 11066, Time: 00:12:56

Health: -9/153     AC: 15    Str: 22    XL:     11   Next: 32%
Magic:  10/10      EV:  8    Int:  8    God:    Trog [****..]
Gold:   815        SH:  7    Dex: 14    Spells: 10/10 levels left

rFire   . . .      SeeInvis +   d - +2 war axe
rCold   . . .      Faith    .   G - +0 kite shield
rNeg    + . .      Spirit   .   l - +0 plate armour
rPois   +          Reflect  .   (helmet restricted)
rElec   .          Harm     .   (no cloak)
rCorr   .          Rampage  .   r - +0 pair of gloves
Will    +....                   (no boots)
Stlth   ..........              g - amulet of regeneration
HPRegen 1.15/turn               e - ring of willpower
MPRegen 0.12/turn               n - ring "Ziusume" {rPois rN+ Int+4 SInv}

@: berserking (expiring), very quick
A: horns 2, retaliatory headbutt
a: Renounce Religion, Berserk, Trog's Hand, Brothers in Arms


You were on level 11 of the Dungeon.
You worshipped Trog.
Trog was greatly pleased with you.
You visited 1 branch of the dungeon, and saw 11 of its levels.

You collected 875 gold pieces.
You spent 60 gold pieces at shops.

Inventory:

Hand Weapons
 d - a +2 war axe (weapon)
Missiles
 C - 3 throwing nets
Armour
 l - a +0 plate armour (worn)
 r - a +0 pair of gloves (worn)
 G - a +0 kite shield (worn)
Jewellery
 e - a ring of willpower (left hand)
 g - an amulet of regeneration (around neck)
 m - a ring of poison resistance
 n - the ring "Ziusume" (right hand) {rPois rN+ Int+4 SInv}
   (You found it on level 3 of the Dungeon)

   [ring of positive energy]

   Int:       It affects your intelligence (+4).
   rPois:     It protects you from poison.
   rN:        It protects you from negative energy.
   SInv:      It lets you see invisible.
 o - a ring of fire
 z - a ring of willpower
 F - a ring of protection from cold
Wands
 a - a wand of iceblast (2)
 h - a wand of flame (27)
 q - a wand of mindburst (7) (quivered)
 x - a wand of digging (4)
 D - a wand of polymorph (13)
Scrolls
 f - 3 scrolls of enchant armour
 i - 2 scrolls of magic mapping
 j - 2 scrolls of noise
 p - 2 scrolls of blinking
 s - a scroll of silence
 v - 2 scrolls of immolation
 w - 5 scrolls of teleportation
 y - a scroll of fear
Potions
 c - 2 potions of resistance
 k - a potion of might {unknown}
 t - 2 potions of curing
 u - a potion of lignification {unknown}
 A - a potion of berserk rage {unknown}
 B - a potion of ambrosia {unknown}
 E - 2 potions of heal wounds {unknown}
Miscellaneous
 b - a box of beasts


   Skills:
 * Level 11.3 Fighting
 + Level 11.6 Axes
 + Level 9.0 Armour
 * Level 8.1 Dodging
 * Level 6.6 Stealth
 + Level 0.4 Shields
 + Level 0.1 Evocations


You had 10 spell levels left.
You didn't know any spells.
Your spell library was empty.

Dungeon Overview and Level Annotations

Branches:
Dungeon (11/15)            Temple (0/1) D:7            Lair (0/6) D:10
    Orc: D:9-12

Altars:
Fedhas
Hepliaklqana
Nemelex Xobeh
Okawaru
Qazlal
Ru
Sif Muna
Wu Jian

Shops:
D:4 *:?[   D:5 (   D:7 (   D:10 *


Innate Abilities, Weirdness & Mutations

You have a pair of horns on your head.
You reflexively headbutt those who attack you in melee.


Message History

* * * LOW HITPOINT WARNING * * *
The 12-headed hydra bites you.
* * * LOW HITPOINT WARNING * * *
The 12-headed hydra bites you.
* * * LOW HITPOINT WARNING * * *
You slice one of the 12-headed hydra's heads off!
The 11-headed hydra grows two more!
You slash the 13-headed hydra!
The 13-headed hydra is severely wounded.
The 13-headed hydra bites you but does no damage.
The 13-headed hydra barely misses you. The 13-headed hydra bites you.
* * * LOW HITPOINT WARNING * * *
The 13-headed hydra barely misses you. You block the 13-headed hydra's attack.
The 13-headed hydra bites you but does no damage. x2
The 13-headed hydra barely misses you. The 13-headed hydra bites you.
* * * LOW HITPOINT WARNING * * *
The 13-headed hydra bites you but does no damage.
The 13-headed hydra bites you.
* * * LOW HITPOINT WARNING * * *
The 13-headed hydra bites you.
* * * LOW HITPOINT WARNING * * *
You block the 13-headed hydra's attack.
You chop one of the 13-headed hydra's heads off!
The 12-headed hydra grows two more!
You slice the 14-headed hydra!!
Your headbutt misses the 14-headed hydra.
The 14-headed hydra is almost dead.
The 14-headed hydra completely misses you.
The 14-headed hydra closely misses you.
The 14-headed hydra bites you but does no damage.
The 14-headed hydra bites you!
* * * LOW HITPOINT WARNING * * *
The 14-headed hydra barely misses you. The 14-headed hydra bites you.
* * * LOW HITPOINT WARNING * * *
You block the 14-headed hydra's attack.
The 14-headed hydra bites you but does no damage.
The 14-headed hydra barely misses you.
The 14-headed hydra bites you but does no damage. x2
The 14-headed hydra bites you.
* * * LOW HITPOINT WARNING * * *
The 14-headed hydra barely misses you. The 14-headed hydra bites you!
You die...

#.. #...# .....
### #.#D# #.#
#.#.# #.# #.#.#
#.# #.#.# .# #.#
#@#Y###...# #.#
#.DY....... #.#
###.###...## #.#
#.###..... #.#
#..†...... #.#
#..#.##...# #.#
#..#.##...# # #.#
#######..#......#
# #.#
#........#..##..#


You could see a 14-headed hydra and a yak.

Vanquished Creatures
  Harold (D:10)
  2 two-headed ogres
  Pikel (D:6)
  A cyclops (D:10)
  Joseph (D:8)
  A komodo dragon (D:10)
  A troll (D:11)
  A vampire (D:11)
  A wyvern (D:7)
  A wraith (D:10)
  14 yaks
  3 vampire mosquitoes (D:11)
  2 acid dragons
  2 water moccasins
  3 orc warriors
  2 black bears
  A hornet zombie (D:7)
  A sky beast (D:5)
  An ice beast (D:5)
  3 ogres
  5 necrophages
  2 lemures (D:6)
  A phantom (D:6)
  2 centaurs
  2 bullfrogs
  2 wyvern zombies
  A scorpion (D:4)
  A gnoll sergeant (D:10)
  10 wights
  A howler monkey (D:5)
  3 centaur zombies
  5 jellies
  A bullfrog skeleton (D:6)
  2 centaur skeletons
  3 orc priests (D:9)
  3 hounds
  2 gnoll shamans
  3 orc wizards
  A killer bee zombie (D:8)
  3 howler monkey zombies
  12 adders
  11 gnolls
  2 white imps (D:6)
  3 ufetubi (D:6)
  A worm (D:2)
  2 dart slugs
  11 orcs
  3 bats
  4 endoplasms
  2 giant cockroaches (D:1)
  8 goblins
  7 hobgoblins
  7 jackals
  4 kobolds
  2 quokkas
  5 ball pythons
  3 frilled lizards (D:1)
  5 rats
188 creatures vanquished.

Vanquished Creatures (others)
  A withered plant (D:8)
1 creature vanquished.

Grand Total: 189 creatures vanquished

Notes
Turn   | Place    | Note
-------+----------+-------------------------------------------
     0 | D:1      | cbfl8 the Minotaur Berserker began the quest for the Orb.
     0 | D:1      | Reached XP level 1. HP: 19/19 MP: 0/0
    75 | D:1      | Reached XP level 2. HP: 27/27 MP: 1/1
   917 | D:1      | Found a faded altar of an unknown god.
  1089 | D:2      | Reached ** piety under Trog
  1158 | D:2      | Reached XP level 3. HP: 34/34 MP: 2/2
  1822 | D:2      | Reached skill level 1 in Stealth
  1822 | D:2      | Reached XP level 4. HP: 33/41 MP: 3/3
  2369 | D:3      | Reached skill level 5 in Fighting
  2402 | D:3      | You fall into a shaft and drop 3 floors!
  2407 | D:6      | Noticed a phantom
  2416 | D:6      | Killed a phantom
  2417 | D:6      | Reached XP level 5. HP: 37/50 MP: 4/4
  2572 | D:6      | Reached skill level 5 in Axes
  2585 | D:6      | Reached XP level 6. HP: 50/57 MP: 5/5
  2805 | D:6      | Noticed Pikel
  2817 | D:6      | Killed Pikel
  2818 | D:6      | Reached XP level 7. HP: 66/66 MP: 6/6
  2883 | D:5      | Entered Level 5 of the Dungeon
  3112 | D:3      | Identified the ring "Ziusume" {rPois rN+ Int+4 SInv}
  3230 | D:3      | Reached XP level 8. HP: 47/73 MP: 7/7
  3965 | D:4      | Found Dytest's Magic Scroll Emporium.
  3966 | D:4      | Found Dekkod's Book Shoppe.
  3973 | D:4      | Bought a scroll of identify for 20 gold pieces
  3973 | D:4      | Bought a scroll of identify for 20 gold pieces
  3973 | D:4      | Bought a scroll of identify for 20 gold pieces
  4083 | D:4      | Found Wixziabb's Assorted Antiques.
  4384 | D:4      | Found Leun's Armour Shoppe.
  4501 | D:4      | Reached skill level 5 in Dodging
  4615 | D:5      | Found a stormy altar of Qazlal.
  4639 | D:5      | Reached *** piety under Trog
  4799 | D:5      | Found Pyalirr's Weapon Shop.
  4822 | D:5      | Found a sparkling altar of Nemelex Xobeh.
  4980 | D:5      | Noticed an air elemental
  5000 | D:6      | Identified the +3 leather armour of Cubrox {rElec rCorr
                  | Dex-5}
  5005 | D:6      | Reached skill level 5 in Armour
  5125 | D:5      | Reached XP level 9. HP: 64/82 MP: 8/8
  6077 | D:6      | Found a hazy altar of Hepliaklqana.
  6232 | D:7      | Found Xehiky's Weapon Shoppe.
  6332 | D:7      | Found a staircase to the Ecumenical Temple.
  6409 | D:7      | Found an iron altar of Okawaru.
  7447 | D:8      | Found a sacrificial altar of Ru.
  7469 | D:8      | Noticed Joseph
  7494 | D:9      | Reached skill level 5 in Stealth
  7699 | D:8      | Killed Joseph
  7700 | D:8      | Reached skill level 10 in Axes
  7700 | D:8      | Reached XP level 10. HP: 93/93 MP: 9/9
  8217 | D:9      | Reached **** piety under Trog
  8390 | D:9      | Reached skill level 10 in Fighting
  8790 | D:10     | Entered Level 10 of the Dungeon
  8897 | D:10     | Found an ornate altar of the Wu Jian Council.
  9193 | D:10     | Noticed a two-headed ogre
  9201 | D:10     | Killed a two-headed ogre
  9339 | D:10     | Found a staircase to the Lair.
  9827 | D:10     | Noticed a cyclops
  9836 | D:10     | Killed a cyclops
  9837 | D:10     | Reached XP level 11. HP: 101/101 MP: 10/10
  9922 | D:10     | Found Oliddy's Assorted Antiques.
  9956 | D:10     | Noticed Harold
  9979 | D:10     | Killed Harold
 10022 | D:10     | Found a shimmering blue altar of Sif Muna.
 10346 | D:10     | Found a blossoming altar of Fedhas.
 10611 | D:11     | Noticed a two-headed ogre
 10628 | D:11     | Killed a two-headed ogre
 11051 | D:11     | Noticed an eight-headed hydra
 11066 | D:11     | HP: 6/153 [14-headed hydra (12)]
 11066 | D:11     | Mangled by a 14-headed hydra

Illustrated notes

Levels and vault maps discovered:
D:1:      erik_arrival_orb_chamber, layout_basic,
          ebering_ecumenical_altar_sacrificial
D:2:      minmay_evil_eye, layout_loops_ring
D:3:      layout_rooms
D:4:      layout_cave_pods, serial_shops, shop, shop, shop_statue, shop
D:5:      layout_basic, nicolae_qazlal_style_of_elements, nemelex_altar_shiori,
          serial_shops, kennysheep_mini_moat
D:6:      minmay_angry_zag, layout_loops_ring, nicolae_overflow_hidden_temple,
          minmay_fractal_squares_5, uniq_pikel
D:7:      layout_loops_cross, okawaru_ov_weapons_minmay,
          minmay_temple_entry_overgrown, serial_shops, shop_statue
D:8:      layout_basic, nicolae_ru_path_of_blood, serial_undead,
          serial_undead_e, serial_undead_e, serial_undead_e, serial_undead_b,
          serial_undead_f, serial_undead_a, minmay_sticks_and_stones
D:9:      layout_gridville, minivault_11
D:10:     layout_basic, nzn_wu_jian_contemplation, kennysheep_little_box,
          lemuel_blue_sif_altar, lair_entry_dummy, serial_shops,
          nicolae_shop_behind_doors, uniq_joseph, uniq_harold
D:11:     minmay_bloctagon, layout_loops_ring

Skill      XL: |  1  2  3  4  5  6  7  8  9 10 11 |
---------------+----------------------------------+-----
Fighting       | 4 5 7 8 9 10 11 | 11.3
Axes           | 4 5 6 7 8 10 11 | 11.6
Stealth        | 1 2 3 5 6 |  6.6
Dodging        | 3 4 5 6 7 8 |  8.1
Armour         | 3 5 7 8 9 |  9.0
Shields        | |  0.4
Evocations     | |  0.1

Action                   |  1- 3 |  4- 6 |  7- 9 | 10-12 || total
-------------------------+-------+-------+-------+-------++-------
Melee: Hand axe          |    91 |    47 |    91 |       ||   229
       Headbutt          |     7 |    14 |    55 |    35 ||   111
       Punch             |       |     2 |     3 |       ||     5
       War axe           |       |       |   164 |   187 ||   351
Invok: Berserk           |       |     2 |     3 |     7 ||    12
Evoke: Wand              |       |       |     3 |       ||     3
  Use: Scroll            |       |       |    10 |     4 ||    14
 Stab: Sleeping          |     1 |       |       |       ||     1
Armor: Animal skin       |    15 |       |       |       ||    15
       Chain mail        |       |    31 |       |       ||    31
       Ring mail         |       |     2 |       |       ||     2
       Plate armour      |       |       |   158 |   135 ||   293
Dodge: Dodged            |    53 |    30 |   127 |    82 ||   292
Block: Kite shield       |       |       |       |    27 ||    27
